 Dungeon Crawl Stone Soup version 0.24.1-14-gf8d2b509d9 (webtiles) character file.

Game seed: 15298438199333749093, levelgen mode: deterministic

491 Mechanical the Scratcher (level 6, -8/36 HPs)
             Began as a Felid Transmuter on Nov 3, 2022.
             Was a Follower of Nemelex Xobeh.
             Mangled by a wight
             ... wielding a +5 war axe
              (13 damage)
             ... on level 6 of the Dungeon.
             The game lasted 01:16:15 (14080 turns).

Mechanical the Scratcher (Felid Transmuter)        Turns: 14080, Time: 01:16:16

Health: -8/36      AC:  5    Str:  6    XL:     6   Next: 91%
Magic:  7/10       EV: 11    Int: 16    God:    Nemelex Xobeh [*.....]
Gold:   293        SH:  0    Dex: 17    Spells: 2/9 levels left
                                        Lives:  0   Deaths: 2

rFire    x . .     SeeInvis +     - Unarmed
rCold    + + +     Gourm    .   (shield unavailable)
rNeg     . . .     Faith    .   (armour unavailable)
rPois    +         Spirit   .   (helmet unavailable)
rElec    .         Reflect  .   (cloak unavailable)
rCorr    .         Harm     .   (gloves unavailable)
MR       .....                  (boots unavailable)
Stlth    ++........             (no amulet)
HPRegen  0.12/turn              (no ring)
MPRegen  0.12/turn              (no ring)

@: ice-form, heavily drained, invisible
A: large, no armour, no weapons or thrown items, stealth, see invisible,
carnivore, slow metabolism 1
a: End Transformation, Draw Escape, Draw Destruction, Draw Summoning, Renounce
Religion


You were on level 6 of the Dungeon.
You worshipped Nemelex Xobeh.
Nemelex Xobeh was aware of your devotion.
You were not hungry.
You were a creature of crystalline ice.
You visited 2 branches of the dungeon, and saw 8 of its levels.
You also visited: Sewer.

You collected 293 gold pieces.

Inventory:

Missiles
 n - 43 arrows
Jewellery
 s - a cursed amulet of inaccuracy {unknown}
Wands
 a - a wand of enslavement (10)
 p - a wand of iceblast (1)
 r - a wand of polymorph (8)
 u - a wand of digging (5)
Scrolls
 d - 4 scrolls of immolation {unknown}
 f - a scroll of remove curse {unknown}
 g - 3 scrolls of teleportation {unknown}
 h - 3 scrolls of enchant weapon {unknown}
 i - a scroll of blinking {unknown}
 k - a scroll of magic mapping {unknown}
 m - a scroll of enchant armour {unknown}
 v - 2 scrolls of noise {unknown}
Potions
 e - a potion of brilliance
 j - 3 potions of flight
 o - a potion of haste {unknown}
 q - a potion of lignification {unknown}
 t - 2 potions of degeneration {unknown}
 w - a potion of resistance {unknown}
Comestibles
 c - 12 rations


   Skills:
 - Level 5.0(3.4) Fighting
 - Level 5.0(3.4) Dodging
 - Level 1.0(0.0) Stealth
 + Level 7.8(6.2) Unarmed Combat
 - Level 2.0(0.5) Spellcasting
 + Level 5.1(3.6) Transmutations
 + Level 2.6(1.1) Ice Magic
 - Level 2.8(1.3) Invocations


You had 2 spell levels left.
You knew the following spells:

 Your Spells              Type           Power        Failure   Level  Hunger
a - Beastly Appendage     Tmut           ##....       5%          1    ##.....
b - Sticks to Snakes      Tmut           ##......     9%          2    ###....
c - Ice Form              Ice/Tmut       #.......     65%         4    #####..

Your spell library contained the following spells:

 Spells                   Type           Power        Failure   Level  Hunger
 Shock                    Conj/Air       #...         24%         1    ##.....
 Swiftness                Chrm/Air       #.......     36%         2    ###....
 Spider Form              Tmut/Pois      #.........   34%         3    ####...
 Static Discharge         Conj/Air       #.......     58%         3    ####...
 Blade Hands              Tmut           ##........   83%         5    ######.
 Airstrike                Air            #.........   94%         4    #####..
 Lightning Bolt           Conj/Air       #.........   100%        5    ######.


Dungeon Overview and Level Annotations

Branches:
Dungeon (7/15)             Temple (1/1) D:4           Sewer (visited)

Altars:
Ashenzari
Cheibriados
Elyvilon
Fedhas
Gozag
Hepliaklqana
Kikubaaqudgha
Makhleb
Nemelex Xobeh
Okawaru
Qazlal
Ru
Sif Muna
Trog
Uskayaw
Vehumet
Wu Jian
Xom
Yredelemnul
Zin


Innate Abilities, Weirdness & Mutations

You cannot wear armour.
You are incapable of wielding weapons or throwing items.
Your paws allow you to move quietly. (Stealth)
((You have sharp claws.))
((You have razor-sharp teeth.))
You have supernaturally acute eyesight. (SInv)
You are carnivorous and can eat meat at any time.
((You cover ground quickly.))
((You are covered in thick fur. (AC +2)))
You have a slow metabolism.
((Your sharp claws are effective at attacking unaware monsters.))


Message History

* * * LOW HITPOINT WARNING * * *
You feel drained.
* * * LOW HITPOINT WARNING * * *
You feel better.
The orc priest mumbles some strange prayers to Beogh against you.
You resist with significant effort. The wight closely misses you.
You feel better.
The orc priest hits you with a +0 falchion.
You feel better. The wight barely misses you.
The orc priest hits you with a +0 falchion!
You hit the wight.
The wight is severely damaged.
The wight hits you with a +5 war axe!
You feel drained.
* * * LOW HITPOINT WARNING * * *
The orc priest hits you with a +0 falchion.
* * * LOW HITPOINT WARNING * * *
You fade into invisibility!
The wight hits you with a +5 war axe!
You die...
Your body disappears without a glow.

#......####.# #....<....#^#
#..###.##.#.#### #########
#..##.[...)..... ......o.#
###..##..##.#.#### #######.#
#.......<##....## # #.#
#.#......##.....# # #.#
#z##...........## # ###.####
#Y###########.## #......# #o# #.#
#.#..#.# ##.## #.# #.##.#.# #...#
##'## #.##.#.# #.#.# ##...##
##.##.#.# #...## ##.....##
##.......# ##.#.## ##.......#
###...##.#######....####.........
.......[.....[.........'.........


You could see a wight and an orc priest.

Vanquished Creatures
  Menkaure (D:5)
  Duvessa (D:6)
  An orc warrior (D:7)
  A sky beast (D:6)
  A centaur (D:6)
  A big kobold (Sewer)
  Blork the orc (D:6)
  2 scorpions
  Dowan (D:6)
  A howler monkey (D:4)
  6 crimson imps
  A bullfrog zombie (D:5)
  A jelly (D:5)
  An orc priest (D:6)
  A hound (D:4)
  An iguana (D:7)
  4 orc wizards
  3 worker ants
  2 big kobold zombies (Sewer)
  A worker ant zombie (D:6)
  4 gnolls
  A river rat (D:5)
  6 adders
  A shadow imp (Sewer)
  An ufetubus (Sewer)
  4 oozes
  An adder skeleton (D:4)
  3 worms
  2 dart slugs (D:2)
  3 leopard geckos
  22 orcs
  7 giant cockroaches
  13 goblins
  12 hobgoblins
  2 jackals (D:3)
  2 quokkas
  6 ball pythons
  6 bats
  8 frilled lizards
  26 kobolds
  8 rats
170 creatures vanquished.

Vanquished Creatures (collateral kills)
  An ogre (D:6)
  A big kobold zombie (Sewer)
  2 adders
  A bat (D:5)
  A goblin (D:5)
  A quokka (D:4)
  A kobold (Sewer)
  A kobold zombie (Sewer)
9 creatures vanquished.

Vanquished Creatures (others)
  A bullfrog zombie (D:7)
  A hobgoblin (D:5)
2 creatures vanquished.

Grand Total: 181 creatures vanquished

Notes
Turn   | Place    | Note
-------+----------+-------------------------------------------
     0 | D:1      | Mechanical the Felid Transmuter began the quest for the
                  | Orb.
     0 | D:1      | Reached XP level 1. HP: 9/9 MP: 4/4
     2 | D:1      | Noticed a dwarf
     2 | D:1      | Noticed a tengu
     4 | D:1      | Noticed a draconian
     4 | D:1      | Noticed a formicid
     6 | D:1      | Noticed a centaur
     6 | D:1      | Noticed a demigod
     8 | D:1      | Noticed a felid
    10 | D:1      | Noticed a ghoul
    10 | D:1      | Noticed a minotaur
    12 | D:1      | Noticed a demonspawn
    12 | D:1      | Noticed a halfling
    14 | D:1      | Noticed a vine stalker
    14 | D:1      | Noticed a naga
    16 | D:1      | Noticed an elf
    18 | D:1      | Noticed a vampire
    18 | D:1      | Noticed a spriggan
    20 | D:1      | Noticed a troll
    22 | D:1      | Noticed an octopode
    22 | D:1      | Noticed a merfolk
    24 | D:1      | Noticed an ogre
    24 | D:1      | Noticed a human
    26 | D:1      | Noticed a gargoyle
   353 | D:1      | Reached XP level 2. HP: 12/12 MP: 4/6
   872 | D:1      | Reached XP level 3. HP: 16/16 MP: 5/7
   876 | D:1      | Learned a level 2 spell: Sticks to Snakes
  2659 | D:2      | Reached skill level 4 in Unarmed Combat
  3140 | D:2      | Reached XP level 4. HP: 16/20 MP: 8/8
  3146 | D:2      | Learned a level 4 spell: Ice Form
  4914 | D:3      | HP: 1/21 [orc wizard/magic dart (8)]
  4918 | D:3      | Reached XP level 5. HP: 24/24 MP: 7/9
  5595 | D:4      | Found a white marble altar of Elyvilon.
  5770 | D:4      | Found a staircase to the Ecumenical Temple.
  6283 | D:4      | Reached skill level 5 in Unarmed Combat
  6283 | D:4      | Reached skill level 1 in Ice Magic
  6377 | D:4      | Gained mutation: You are covered in thick fur. (AC +2)
                  | [Felid growth]
  6377 | D:4      | Reached XP level 6. HP: 28/28 MP: 10/10
  6538 | D:5      | Entered Level 5 of the Dungeon
  6563 | D:5      | Found a glowing drain.
  7243 | Sewer    | Entered a sewer
  7523 | Sewer    | Reached skill level 1 in Stealth
  7591 | Sewer    | Found a burning altar of Makhleb.
  7869 | Sewer    | Noticed Grinder
  7945 | Sewer    | Paralysed by a big kobold for 4 turns
  8236 | Temple   | Entered the Ecumenical Temple
  8373 | Temple   | Became a worshipper of Nemelex Xobeh the Trickster
  8447 | D:5      | Reached XP level 7. HP: 31/31 MP: 9/11
  8450 | D:5      | Found an iron altar of Okawaru.
  8450 | D:5      | Found a shimmering altar of Xom.
  8464 | D:5      | Found a hide-covered altar of Uskayaw.
  8464 | D:5      | Found a radiant altar of Vehumet.
  8924 | D:5      | Found an ancient bone altar of Kikubaaqudgha.
  9060 | D:5      | Noticed Menkaure
  9133 | D:5      | Reached skill level 1 in Invocations
  9198 | D:5      | Reached skill level 6 in Unarmed Combat
  9653 | D:5      | Killed Menkaure
  9669 | D:5      | Reached skill level 5 in Dodging
  9841 | D:6      | Received a gift from Nemelex Xobeh
  9918 | D:6      | Noticed Blork the orc
  9949 | D:6      | Killed Blork the orc
  9949 | D:6      | Reached XP level 8. HP: 29/36 MP: 12/12
 10023 | D:6      | Noticed Duvessa
 10023 | D:6      | Noticed Dowan
 10943 | D:6      | Reached skill level 7 in Unarmed Combat
 11192 | D:6      | Found a basalt altar of Yredelemnul.
 11192 | D:6      | Found a shattered altar of Ashenzari.
 11265 | D:6      | Reached * piety under Nemelex Xobeh
 11337 | D:6      | Found a stormy altar of Qazlal.
 11340 | D:6      | Noticed an air elemental
 11467 | D:6      | Reached skill level 5 in Fighting
 12193 | D:6      | Killed Dowan
 12197 | D:6      | Killed Duvessa
 12954 | D:7      | Reached skill level 5 in Transmutations
 13054 | D:6      | HP: 1/37 [wight/+5 war axe (6)]
 13066 | D:7      | Slain by a bullfrog zombie
 13067 | D:7      | Reached XP level 7. HP: -2/33 MP: 11/11
 13796 | D:7      | Slain by an orc warrior
 13797 | D:7      | Reached XP level 6. HP: -5/36 MP: 8/10
 14080 | D:6      | Mangled by a wight

Levels and vault maps discovered:
D:1:      kb_arrival_jail, layout_loops_ring
D:2:      minmay_razor_zed, layout_rooms, first_ration
D:3:      layout_basic
D:4:      layout_loops_cross, minmay_temple_entry_proselytizer,
          minmay_misc_feat_square, elyvilon_altar_5
D:5:      corexii_shack_village, layout_loops_ring, kennysheep_little_box,
          grunt_temple_overflow_open, cheibrodos_sewer_entry_sluice,
          minmay_misc_feat_encased, st_stairs_11, uniq_menkaure
D:6:      layout_loops_corners, amethyst_overflow_temple_binary,
          nicolae_qazlal_style_of_elements, uniq_grinder, uniq_blork_the_orc,
          uniq_duvessa
D:7:      layout_layer_cave, grunt_ogre_cave, amethyst_killhole
Temple:   oiseaux_autumnal_temple

Skill      XL: |  1  2  3  4  5  6  7  8 |
---------------+-------------------------+-----
Fighting       | 2 3 4 5 |  5.0
Unarmed Combat | 4 5 6 7 |  7.8
Transmutations | 3 5 |  5.1
Ice Magic      | 1 2 |  2.6
Stealth        | 1 |  1.0
Dodging        | 3 5 |  5.0
Invocations    | 2 |  2.8
Spellcasting   | |  2.0

Action                   |  1- 3 |  4- 6 |  7- 9 || total
-------------------------+-------+-------+-------++-------
Melee: Unarmed           |   149 |   317 |   198 ||   664
       Headbutt          |    25 |    36 |    27 ||    88
       Bite              |    13 |    31 |    13 ||    57
       Punch             |       |     3 |     3 ||     6
 Cast: Beastly Appendage |    38 |    54 |    37 ||   129
       Sticks to Snakes  |     1 |    24 |    20 ||    45
       Ice Form          |       |     3 |     3 ||     6
 Abil: End Transformatio |       |     1 |     1 ||     2
Evoke: Wand              |       |       |     9 ||     9
  Use: Scroll            |     4 |     2 |       ||     6
       Potion            |       |    10 |       ||    10
 Stab: Sleeping          |     3 |     2 |     4 ||     9
       Distracted        |     1 |     2 |       ||     3
       Confused          |       |       |     1 ||     1
  Eat: Chunk             |     8 |    14 |    16 ||    38
Armor: Skin              |     7 |    18 |     3 ||    28
Dodge: Dodged            |    89 |   222 |   139 ||   450
